 Dungeon Crawl Stone Soup version 0.29.1-2-gbd0b4ee654 (webtiles) character file.

Game seed: 2170455046410488200

489 styxcanada the Covert (level 6, -2/32 HPs)
             Began as a Spriggan Brigand on Nov 16, 2022.
             Killed by an exploding ball python (34 damage)
             ... ignited by their inner flame
             ... on level 4 of the Dungeon.
             The game lasted 00:14:56 (4883 turns).

styxcanada the Covert (Spriggan Brigand)            Turns: 4883, Time: 00:14:56

Health: -2/32      AC:  4    Str:  7    XL:     6   Next: 90%
Magic:  7/7        EV: 18    Int: 12    God:
Gold:   229        SH:  6    Dex: 19    Spells: 5/5 levels left

rFire   . . .      SeeInvis +   a - +4 dagger
rCold   . . .      Faith    .   r - +0 buckler
rNeg    . . .      Spirit   .   b - +0 robe
rPois   .          Reflect  .   (helmet restricted)
rElec   .          Harm     .   n - +1 cloak {Stlth+}
rCorr   .          Rampage  .   (gloves unavailable)
Will    +....                   (boots unavailable)
Stlth   +++++.....              (no amulet)
HPRegen 0.10/turn               (no ring)
MPRegen 0.10/turn               (no ring)

@: very quick
A: very small, no large weapons, unfitting armour, see invisible, speed 3
a: no special abilities


You were on level 4 of the Dungeon.
You visited 1 branch of the dungeon, and saw 4 of its levels.

You collected 229 gold pieces.

Inventory:

Hand Weapons
 a - a +4 dagger (weapon)
 c - a +3 hammer
 h - a +1 short sword of draining
 m - a +4 quarterstaff of chaos
Missiles
 e - 4 poisoned darts (quivered)
 k - 25 stones
 s - 2 curare-tipped darts
Armour
 b - a +0 robe (worn)
 n - a +1 cloak of stealth (worn)
 r - a +0 buckler (worn)
Wands
 d - a wand of paralysis (3)
Scrolls
 g - a scroll of enchant weapon
 j - 4 scrolls of teleportation
 l - a scroll of fog
 t - a scroll of amnesia
 v - a scroll of fear
Potions
 f - a potion of heal wounds
 i - 2 potions of brilliance
 o - a potion of ambrosia {unknown}
 p - a potion of flight {unknown}
 q - 2 potions of mutation {unknown}
 u - a potion of degeneration {unknown}


   Skills:
 * Level 2.4 Fighting
 + Level 3.7 Short Blades
 + Level 3.3 Throwing
 * Level 4.0 Dodging
 * Level 9.3 Stealth
 * Level 0.1 Shields


You had 5 spell levels left.
You didn't know any spells.
Your spell library was empty.

Dungeon Overview and Level Annotations

Branches:
Dungeon (4/15)             Temple (0/1) D:4

Altars:
Elyvilon
Yredelemnul

Shops:
D:2 =


Innate Abilities, Weirdness & Mutations

You are very small and have problems with some larger weapons.
You are too small for most types of armour.
You have supernaturally acute eyesight. (SInv)
You cover ground extremely quickly. (Speed+++)


Message History

You hit the hobgoblin.
You kill the hobgoblin!
A hobgoblin comes into view.
Throw: 4 darts (poison)
Press: ? - help, Q - select action, (/) - cycle Shift-Dir - straight line, f - hobgoblin
Aim: a hobgoblin (63% to hit)
You throw a poisoned dart. The poisoned dart hits the hobgoblin.
The hobgoblin is poisoned.
Throw: 3 darts (poison)
Press: ? - help, Q - select action, (/) - cycle Shift-Dir - straight line, f/p - hobgoblin
Aim: a hobgoblin (heavily wounded, poisoned, 63% to hit)
You throw a poisoned dart. The poisoned dart hits the hobgoblin.
The hobgoblin looks even sicker.
The hobgoblin is heavily wounded.
You kill the hobgoblin!
e - 3 poisoned darts (gained 1)
e - 4 poisoned darts (gained 1)
Found 5 gold pieces.
You now have 229 gold pieces (gained 5).
w - a scroll labelled OSUQED XEMM
As you read the scroll labelled OSUQED XEMM, it crumbles to dust.
You feel aware of your surroundings.
It was a scroll of magic mapping.
k - 25 stones (gained 5)
Found a stone staircase leading up and a stone staircase leading down.
Found an escape hatch in the ceiling.
A ball python comes into view.
Found a scroll labelled RUMAUZX KOME.
Found a trident.
The ball python hisses angrily.
w - a scroll labelled RUMAUZX KOME
As you read the scroll labelled RUMAUZX KOME, it crumbles to dust.
The creatures around you are filled with an inner flame!
It was a scroll of immolation.
A ball python is nearby!
The ball python misses you. The ball python completely misses you.
You puncture the ball python!
The ball python explodes!
The fiery explosion engulfs you!!
Ouch! That really hurt!
You die...

.#**,,,*,,,...,,,,,,,,,,,,,,,,,,,
..,,,,,*,*,*..,,,,,,,,,,*,,,,,>^,
.#**,,,*,*,*,..,,,,,,,,,**,,****,
.# *,,**,#,**#.###*****,#*,,* *,
.#**,,,,,..,*#...# *.#*,,* *,
.#,#,#**,#..##.#.######.##,,****,
.#.#.###,....................,,,,
.#......,....................,,*,
........,.......@§§.....)....,,,,
.#.#.##.,#..##.#§§#.###......,,,,
...#,**,,.......§<§..........,,,,
.#.#,**,,#..##.#..#.###......*,,,
.#.#,**,*#..##.#..#........#.*,,,
.#.#,,........>..............*,,,
.#.#,*#..,...#.#..#.##.....#.*,,,
.#.#,*#..,...#...............*,,,
...#.##.#*#.##.#..#.##...#.#.,,,,


There were no monsters in sight!

Vanquished Creatures
  Sigmund (D:3)
  A scorpion (D:3)
  Crazy Yiuf (D:2)
  An orc priest (D:3)
  Jessica (D:3)
  Ijyb (D:3)
  4 gnolls (D:2)
  5 adders
  3 worms
  4 dart slugs
  3 orcs (D:3)
  A ball python (D:4)
  3 endoplasms
  2 giant cockroaches
  2 goblins (D:2)
  9 hobgoblins
  4 jackals (D:2)
  6 quokkas
  8 bats
  4 frilled lizards
  6 kobolds
  2 rats (D:1)
72 creatures vanquished.

Vanquished Creatures (others)
  A fungus (D:2)
  2 plants (D:3)
3 creatures vanquished.

Grand Total: 75 creatures vanquished

Notes
Turn   | Place    | Note
-------+----------+-------------------------------------------
     0 | D:1      | styxcanada the Spriggan Brigand began the quest for the
                  | Orb.
     0 | D:1      | Reached XP level 1. HP: 10/10 MP: 2/2
   143 | D:1      | Reached skill level 6 in Stealth
   597 | D:1      | Reached XP level 2. HP: 14/14 MP: 3/3
   968 | D:2      | Found Gaomo Yps's Jewellery Shoppe.
  1097 | D:2      | Reached skill level 7 in Stealth
  1280 | D:2      | Reached XP level 3. HP: 12/18 MP: 4/4
  1579 | D:2      | Reached XP level 4. HP: 15/23 MP: 5/5
  2149 | D:2      | Found a runed translucent door.
  2150 | D:2      | Noticed Crazy Yiuf
  2158 | D:2      | Killed Crazy Yiuf
  2159 | D:2      | Reached skill level 8 in Stealth
  2228 | D:2      | Reached XP level 5. HP: 26/26 MP: 6/6
  2344 | D:2      | Identified the +8 short sword of Popular Demand {freeze,
                  | Str+4}
  2507 | D:3      | Noticed Sigmund
  2540 | D:3      | Found a basalt altar of Yredelemnul.
  2549 | D:3      | Killed Sigmund
  2550 | D:3      | Reached XP level 6. HP: 20/30 MP: 7/7
  3298 | D:3      | Reached skill level 9 in Stealth
  3846 | D:3      | Noticed Jessica
  3858 | D:3      | Found a white marble altar of Elyvilon.
  3868 | D:3      | Killed Jessica
  4039 | D:3      | Noticed Ijyb
  4052 | D:3      | Paralysed by Ijyb for 2 turns
  4072 | D:3      | Killed Ijyb
  4883 | D:4      | Killed by an exploding ball python... ignited by their
                  | inner flame

Illustrated notes

Levels and vault maps discovered:
D:1:      lightli_arrival_boilingwater, layout_basic
D:2:      layout_basic, serial_shops, shop_coins, nrook_loot_triangle,
          amcnicky_mini_rare_corridor_liquid, nrook_mini_backslash,
          minmay_misc_feat_enclosed, uniq_crazy_yiuf_cottage
D:3:      layout_loops_ring, elyvilon_altar_1, lemuel_round_altar,
          chequers_serial_rivers_large_a, minivault_19, st_stairs_2,
          dk_noncrumbling_2, roderic_st_hans_cross, kennysheep_cross_bottleneck,
          minmay_cupped, uniq_ijyb, uniq_jessica, uniq_sigmund
D:4:      layout_basic, minmay_temple_entry_stoned_glass

Skill      XL: |  1  2  3  4  5  6 |
---------------+-------------------+-----
Stealth        | 6 7 8 9 |  9.3
Dodging        | 2 3 4 |  4.0
Short Blades   | 3 |  3.7
Fighting       | 2 |  2.4
Throwing       | 3 |  3.3
Shields        | |  0.1

Action                   |  1- 3 |  4- 6 || total
-------------------------+-------+-------++-------
Melee: Dagger            |    77 |   140 ||   217
Throw: Dart              |    13 |    47 ||    60
       Stone             |       |     3 ||     3
  Use: Scroll            |       |    13 ||    13
       Potion            |       |     1 ||     1
 Stab: Sleeping          |     9 |    14 ||    23
Armor: Robe              |     5 |    13 ||    18
Dodge: Dodged            |    39 |    80 ||   119
